 Dungeon Crawl Stone Soup version bcrawl-1.29.2 (console) character file.

Game seed: 12426785319107578365

85273 GodsVoicemail the Magician (level 2, 18/19 HPs)
             Began as a Demonspawn Wizard on Feb 19, 2021.
             Quit the game on level 1 of the Dungeon.
             The game lasted 00:01:59 (363 turns).

GodsVoicemail the Magician (Demonspawn Wizard)       Turns: 363, Time: 00:02:00

Health: 18/19      AC:  2    Str:  7    XL:     2   Next: 0%
Magic:  0/6        EV: 12    Int: 19    God:
Gold:   19         SH:  0    Dex: 11    Spells: 6/7 levels left

rFire    . . .     SeeInvis .   a - +0 staff
rCold    . . .     Gourm    .   (no shield)
rNeg     . . .     Faith    .   b - +0 robe
rPois    .         Spirit   +   c - +0 hat
rElec    .         Reflect  .   (no cloak)
rCorr    .         Harm     .   (no gloves)
MR       .....                  (no boots)
Stlth    ++........             (no amulet)
HPRegen  0.06/turn              (no ring)
MPRegen  0.10/turn              (no ring)

@: very slightly contaminated
A: magic shield
a: no special abilities


You were on level 1 of the Dungeon.
You were not hungry.

You visited 1 branch of the dungeon, and saw 1 of its levels.

You collected 19 gold pieces.

Inventory:

Hand Weapons
 a - a +0 staff (weapon)
 l - a +3 short sword of venom
Armour
 b - a +0 robe (worn)
 c - a +0 hat (worn)
Scrolls
 d - a scroll of amnesia {unknown}
 h - a scroll of remove curse {unknown}
 j - a scroll of teleportation {unknown}
Potions
 f - a potion of brilliance
 g - a potion of curing {unknown}
 k - a potion of mutation {unknown}
Comestibles
 e - 2 rations {!d}
 i - 2 chunks of flesh


   Skills:
 - Level 1.7 Dodging
 - Level 2.0 Stealth
 - Level 3.0 Spellcasting
 * Level 2.1 Conjurations
   Level 1.0 Summonings
   Level 0.8 Translocations


You had 6 spell levels left.
You knew the following spells:

 Your Spells              Type           Power        Failure   Level  Hunger
a - Magic Dart            Conj           ##..         6%          1    None

Your spell library contained the following spells:

 Spells                   Type           Power        Failure   Level  Hunger
 Blink                    Tloc           N/A          16%         2    #......
 Call Imp                 Summ           #.....       16%         2    #......
 Conjure Flame            Conj/Fire      #.......     30%         3    ####...
 Mephitic Cloud           Conj/Pois/Air  #.......     34%         3    ####...
 Spider Form              Tmut/Pois      #..          41%         3    ####...


Dungeon Overview and Level Annotations

Branches:
Dungeon (1/12)

Altars:


Innate Abilities, Weirdness & Mutations

When hurt, damage is shared between your health and your magic reserves.


Message History

The rat bites you.
Casting: Magic Dart (safe; 7% risk of failure)
Confirm with . or Enter, or press ? or * to list all spells.
Aiming: Magic Dart (safe; 7% risk of failure)
Press: ? - help, Shift-Dir - straight line, f/p - rat
Aim: a rat (heavily wounded)
You miscast Magic Dart.
You are very lightly contaminated with residual magic.
Nothing appears to happen.
The rat bites you but does no damage.
Casting: Magic Dart (safe; 7% risk of failure)
Confirm with . or Enter, or press ? or * to list all spells.
Aiming: Magic Dart (safe; 7% risk of failure)
Press: ? - help, Shift-Dir - straight line, f/p - rat
Aim: a rat (heavily wounded)
The magic dart hits the rat.
You kill the rat!
You have reached level 2!
Your demonic ancestry asserts itself...
You feel your magical essence form a protective shroud around your flesh.
Are you sure you want to abandon this character and quit the game? (Confirm with "yes".)

...# .....# #..#
.......# ..
...###..........####...#
........................
...####. ........# #..#
......#.# ##.# ..w..
#.### ##.# #... #†#..
...# ##+# #@#.# #### #.#
#.#.# #####
#####.####.#.###.# ..(.#
#........#.......# ###.#
#.##...#.###.##### ###.#
#.#..........#
....###.##...#.#####
#.#.........##.#
#...###.######.#


There were no monsters in sight!

Vanquished Creatures
  A leopard gecko (D:1)
  2 goblins (D:1)
  A bat (D:1)
  4 rats (D:1)
8 creatures vanquished.

Notes
Turn   | Place    | Note
-------+----------+-------------------------------------------
     0 | D:1      | GodsVoicemail the Demonspawn Wizard began the quest for the
                  | Orb.
     0 | D:1      | Reached XP level 1. HP: 13/13 MP: 4/4
   363 | D:1      | Gained mutation: When hurt, damage is shared between your
                  | health and your magic reserves. [demonic ancestry]
   363 | D:1      | Reached XP level 2. HP: 18/19 MP: 0/6
   363 | D:1      | Quit the game

Skill      XL: |  1 |
---------------+----+-----
Conjurations   | 2 |  2.1
Dodging        | |  1.7
Stealth        | |  2.0
Spellcasting   | |  3.0
Summonings     | |  1.0
Translocations | |  0.8

Action                   || total
-------------------------++-------
Melee: Staff             ||     2
 Cast: Magic Dart        ||    18
Armor: Robe              ||     3
Dodge: Dodged            ||     5
